 Dungeon Crawl Stone Soup version 0.29-a0-878-g7b45a56547 (webtiles) character file.

Game seed: 7765595737268899304

954 buhh the Insei (level 8, -4/68 (70) HPs)
             Began as a Meteoran Transmuter on July 19, 2022.
             Was an Initiate of Cheibriados.
             Slain by a wight
             ... wielding a +4 scimitar
              (16 damage)
             ... on level 6 of the Dungeon.
             The game lasted 00:08:21 (3070 turns).

buhh the Insei (Meteoran Transmuter)                Turns: 3070, Time: 00:08:22

HP:   -4/68 (70)    AC:  6    Str: 13    XL:     8   Next: 63%
MP:   13/14         EV: 25    Int: 18    God:    Cheibriados [......]
Gold: 187           SH:  0    Dex: 20    Spells: 6/12 levels left

rFire   . . .      SeeInvis .     - Unarmed
rCold   . . .      Faith    .   (shield currently unavailable)
rNeg    . . .      Spirit   .   (body armour currently unavailable)
rPois   .          Reflect  .   (helmet currently unavailable)
rElec   .          Harm     .   (cloak currently unavailable)
rCorr   .          Rampage  .   (gloves currently unavailable)
Will    +....                   (boots currently unavailable)
Stlth   +.........              (no amulet)
HPRegen 0.21/turn               w - ring of poison resistance
MPRegen 0.14/turn               z - +4 ring of protection

@: spider-form (expiring), wereblooded, glowing, lightly drained, very slow
A: venomous fangs, tiny, sense surroundings 2, otherworldly, glowing, explore
regen, (iridescent scales 1), high MP 1
a: End Transformation, Renounce Religion


You were on level 6 of the Dungeon.
You worshipped Cheibriados.
Cheibriados was noncommittal.
You were a venomous arachnid creature.
You visited 2 branches of the dungeon, and saw 7 of its levels.

You collected 187 gold pieces.

Inventory:

Armour
 a - a +0 robe (melded)
Jewellery
 c - a +6 ring of dexterity
 k - a ring of willpower
 u - an amulet of faith
 w - a ring of poison resistance (left front leg)
 z - a +4 ring of protection (right front leg)
Wands
 E - a wand of flame (7)
Scrolls
 b - a scroll of blinking {!d}
 d - 2 scrolls of fog {unknown}
 g - 2 scrolls of amnesia
 i - 7 scrolls of identify {unknown}
 l - a scroll of summoning {unknown}
 p - 3 scrolls of fear {unknown}
 q - a scroll of noise {unknown}
 s - a scroll of enchant weapon {unknown}
 t - a scroll of immolation {unknown}
 v - a scroll of torment {unknown}
 x - a scroll of vulnerability {unknown}
Potions
 e - 2 potions of berserk rage {unknown}
 f - a potion of brilliance {unknown}
 h - a potion of curing {unknown}
 j - 2 potions of attraction {unknown}
 m - a potion of degeneration {unknown}
 n - a potion of lignification {!d}
 o - 2 potions of mutation {!q!d}
 r - 2 potions of might {unknown}
 y - a potion of haste {!q}


   Skills:
 + Level 5.7 Fighting
 + Level 6.7 Dodging
 + Level 7.2 Unarmed Combat
 - Level 2.7 Spellcasting
 - Level 2.4 Transmutations


You had 6 spell levels left.
You knew the following spells:

 Your Spells              Type           Power      Damage    Failure   Level
a - Beastly Appendage     Tmut           22%        N/A       17%         1
b - Wereblood             Tmut           11%        N/A       24%         2
c - Spider Form           Tmut/Pois      6%         N/A       52%         3

Your spell library contained the following spells:

 Spells                   Type           Power      Damage    Failure   Level
 Summon Small Mammal      Summ           8%         N/A       36%         1
 Blink                    Tloc           4%         N/A       47%         2
 Sublimation of Blood     Necr           2%         N/A       47%         2
 Call Canine Familiar     Summ           2%         N/A       67%         3
 Lesser Beckoning         Tloc           2%         N/A       67%         3
 Summon Guardian Golem    Hex/Summ       2%         N/A       67%         3
 Ice Form                 Ice/Tmut       6%         N/A       87%         4
 Manifold Assault         Tloc           2%         N/A       100%        5
 Summon Hydra             Summ           1%         N/A       100%        7


Dungeon Overview and Level Annotations

Branches:
Dungeon (6/15) Zot: 1017   Temple (1/1) D:6 Zot: 760

Altars:
Cheibriados
Hepliaklqana
Kikubaaqudgha
Nemelex Xobeh
Qazlal
Ru
Sif Muna
Trog
Uskayaw
Wu Jian
Xom
The Shining One

Annotations:
D:2 Sigmund


Innate Abilities, Weirdness & Mutations

You are a venomous arachnid creature.
You have poisonous fangs.
You are tiny and dextrous.
Your spellcasting is less reliable in this form.
Your armour is entirely melded.
You are incapable of wielding weapons or throwing items.
You passively map the area around you.
You are easily found by Zot.
You glow in the dark.
You regain HP and MP as you explore.
((You are partially covered in iridescent scales. (AC +2)))
You have an increased reservoir of magic. (+10% MP)


Message History

The hound completely misses you.
The wight hits you with a +0 dire flail.
The hound closely misses you.
You bite the hound!
The hound looks as sick as possible!
The hound is moderately wounded.
The wight closely misses you. The hound closely misses you.
You bite the hound!
You feel a bit better.
You kill the hound!
Cheibriados thoroughly appreciates the change of pace.
You hiss as the wereblood boils in your veins!
The wight hits you with a +0 dire flail.
You feel drained.
You hit the wight but do no damage. The wight misses you.
The wight completely misses you. The scorpion completely misses you.
You hit the scorpion.
The scorpion is poisoned.
The scorpion is lightly wounded.
The wight misses you. The wight hits you with a +4 scimitar.
The scorpion stings you.
You hit the scorpion.
The scorpion looks as sick as possible!
The scorpion is heavily wounded.
The wight misses you. The scorpion stings you.
The wight hits you with a +0 dire flail!
You feel drained. The wight completely misses you.
You bite the scorpion!
You feel a bit better.
You kill the scorpion!
Cheibriados thoroughly appreciates the change of pace.
You hiss as the wereblood boils in your veins!
You hiss as the wereblood boils in your veins!
The wight barely misses you.
The wight hits you with a +0 dire flail.
The wight hits you with a +4 scimitar. The wight hits you with a +2 falchion.
* * * LOW HITPOINT WARNING * * *
You feel drained.
* * * LOW HITPOINT WARNING * * *
The wight hits you from afar with a +0 halberd.
* * * LOW HITPOINT WARNING * * *
The wight misses you. The wight completely misses you.
You see here a scorpion corpse.
The wight attacks as you move away! The wight hits you with a +4 scimitar!
You die...

, ...............###.##....
,...###.###.........(......
* #..* #. ####.............
, , #.* #.....###..... , *
#. ####.###.## ..... ** .,
##.###....# #..##..... *
,#..#.....z#### ##zz......
, .......zz.# #..###.... *
, .......zs## #..#)#..g. ,,
...#.....# #..###.... * ,
,#.....# #......... * ,,
#.....# #......... #../..#
#.....>... , #.....#
#......... *** ,#.....#
#..<...... * ,* #######
#......... , #.........


You could see 4 wights.

Vanquished Creatures
  A sky beast (D:5)
  2 ogres
  A centaur (D:5)
  A necrophage (D:6)
  2 scorpions
  A wight (D:6)
  A howler monkey (D:5)
  3 hounds
  An orc priest (D:3)
  3 orc wizards (D:5)
  6 adders
  3 worms
  4 dart slugs
  13 orcs
  5 endoplasms
  A giant cockroach (D:4)
  8 hobgoblins
  3 jackals (D:3)
  2 quokkas
  3 ball pythons
  2 bats
  6 frilled lizards
  2 goblins (D:1)
  4 kobolds
  6 rats
84 creatures vanquished.

Vanquished Creatures (others)
  8 plants (D:2)
8 creatures vanquished.

Grand Total: 92 creatures vanquished

Notes
Turn   | Place    | Note
-------+----------+-------------------------------------------
     0 | D:1      | buhh the Meteoran Transmuter began the quest for the Orb.
     0 | D:1      | Reached XP level 1. HP: 16/16 MP: 5/5
   103 | D:1      | Reached XP level 2. HP: 23/23 MP: 4/6
   417 | D:1      | Reached skill level 4 in Unarmed Combat
   417 | D:1      | Reached XP level 3. HP: 22/29 MP: 6/8
   502 | D:1      | Glimpsed the power of Zot.
   552 | D:1      | Glimpsed the power of Zot.
   564 | D:2      | Found a stormy altar of Qazlal.
   607 | D:2      | HP: 1/29 [dart slug (2)]
   657 | D:2      | Noticed Sigmund
   691 | D:2      | HP: 1/29 [gnoll/+0 flail (12)]
   765 | D:4      | Learned a level 2 spell: Wereblood
   769 | D:4      | Learned a level 3 spell: Spider Form
   860 | D:3      | Reached XP level 4. HP: 18/36 MP: 7/9
   935 | D:3      | Found a faded altar of an unknown god.
   972 | D:3      | Reached XP level 5. HP: 42/42 MP: 6/10
  1629 | D:4      | Reached skill level 5 in Unarmed Combat
  1629 | D:4      | Reached XP level 6. HP: 22/51 MP: 11/11
  1707 | D:5      | Entered Level 5 of the Dungeon
  1714 | D:4      | Noticed an ogre
  1772 | D:4      | Killed an ogre
  1808 | D:4      | Reached XP level 7. HP: 47/58 MP: 8/12
  1958 | D:4      | Reached skill level 5 in Dodging
  2322 | D:5      | Found a hide-covered altar of Uskayaw.
  2335 | D:5      | Reached skill level 6 in Unarmed Combat
  2350 | D:5      | Gained mutation: You are partially covered in iridescent
                  | scales. (AC +2) [potion of mutation]
  2350 | D:5      | Gained mutation: Your flesh is heat resistant. (rF+)
                  | [potion of mutation]
  2350 | D:5      | Gained mutation: You do not regenerate when monsters are
                  | visible. [potion of mutation]
  2436 | D:5      | Lost mutation: Your flesh is heat resistant. (rF+) [potion
                  | of mutation]
  2436 | D:5      | Lost mutation: You do not regenerate when monsters are
                  | visible. [potion of mutation]
  2436 | D:5      | Lost mutation: You are partially covered in iridescent
                  | scales. (AC +2) [potion of mutation]
  2436 | D:5      | Gained mutation: You have an increased reservoir of magic.
                  | (+10% MP) [potion of mutation]
  2436 | D:5      | Gained mutation: You passively map the area around you.
                  | [potion of mutation]
  2436 | D:5      | Gained mutation: You are partially covered in iridescent
                  | scales. (AC +2) [potion of mutation]
  2503 | D:5      | Reached XP level 8. HP: 15/67 MP: 10/14
  2767 | D:5      | Reached skill level 5 in Fighting
  2897 | D:6      | Found a staircase to the Ecumenical Temple.
  2920 | Temple   | Entered the Ecumenical Temple
  3004 | Temple   | Became a worshipper of Cheibriados the Contemplative
  3049 | D:6      | Reached skill level 7 in Unarmed Combat
  3070 | D:6      | Slain by a wight

Illustrated notes

Levels and vault maps discovered:
D:1:      minmay_arrival_glassed_features, layout_rooms, nicolae_hexahallways
D:2:      layout_rooms, basic_altar, nicolae_grassy_gnolls, uniq_sigmund
D:3:      layout_loops_ring, chequers_ecumenical_altar_twisty, st_stairs_10
D:4:      layout_basic
D:5:      layout_basic, nicolae_uskayaw_dance_hall
D:6:      layout_rooms, amethyst_overflow_temple_binary,
          mainiacjoe_overflow_catwalk, minmay_temple_entry_mini_moons,
          serial_glass, glass_columns_a, glass_columns_c, item_on_display_a,
          item_on_display_a, feat_on_display, minmay_strange_pillars,
          mrwooster_statue_mirror
Temple:   nicolae_temple_bog_church

Skill      XL: |  1  2  3  4  5  6  7  8 |
---------------+-------------------------+-----
Unarmed Combat | 4 5 6 7 |  7.2
Dodging        | 3 4 5 6 |  6.7
Fighting       | 2 3 4 5 |  5.7
Spellcasting   | |  2.7
Transmutations | |  2.4

Action                   |  1- 3 |  4- 6 |  7- 9 || total
-------------------------+-------+-------+-------++-------
Melee: Unarmed           |    71 |    96 |    80 ||   247
       Kick              |    22 |    19 |     4 ||    45
       Headbutt          |    12 |    12 |     1 ||    25
       Punch             |       |     3 |       ||     3
 Cast: Beastly Appendage |    22 |    13 |     5 ||    40
       Wereblood         |       |     2 |     1 ||     3
       Spider Form       |       |     4 |     9 ||    13
  Use: Scroll            |     3 |       |       ||     3
       Potion            |       |     1 |     3 ||     4
Armor: Robe              |    10 |     5 |    12 ||    27
       Skin              |       |     8 |     2 ||    10
Dodge: Dodged            |    51 |    49 |    86 ||   186

Table legend: (Time is in decaauts)
 A = Elapsed time spent in this place.
 B = Non-inter-level travel time spent in this place.
 C = Inter-level travel time spent in this place.
 D = Time resting spent in this place.
 E = Time spent auto-exploring this place.
 F = Levels seen in this place.
 G = Mean time per level.
                   A        B        C        D        E       F      G
               +--------+--------+--------+--------+--------+-----+--------+
         Total |   3039 |   2868 |    171 |     26 |   1492 |   7 |  434.1 |
       Dungeon |   2942 |   2782 |    160 |     26 |   1430 |   6 |  490.3 |
        Temple |     96 |     85 |     11 |      0 |     62 |   1 |   96.0 |
               +--------+--------+--------+--------+--------+-----+--------+

Top non-repeatable levels by time:
     D:5: 805 daAuts
     D:3: 667 daAuts
     D:4: 600 daAuts
     D:1: 561 daAuts
     D:2: 219 daAuts
  Temple: 96 daAuts
     D:6: 87 daAuts
